AoeStats
← WaCCos

Arabia

510092941Analyzed
1v1 RM · 4d ago on Sep 29, 2026· 45m 22s· 2 players
Game mode
Random Map
Map size
Tiny (2 player)
Population
200
Speed
Normal
Resources
Standard
Victory
Conquest
Starting age
Dark Age
Ending age
Imperial Age
RankedLock teamsTeams togetherTeam positionsShared explorationLock speedFull tech treeHidden civsTurbo modeCheats
Victory
Defeat
🇨🇳 Mongols · China
1415
+13
🇩🇪 Saxons · Germany
1358
-13
WaCCos
6:26 Loom
9:09 Feudal Age
9:59 Double-Bit Axe
12:56 Fletching
22:49 Castle Age
21:07 Padded Archer Armor
21:25 Horse Collar
23:09 Crossbowman
23:54 Thumb Ring
24:10 Bodkin Arrow
27:27 Leather Archer Armor
28:44 Ballistics
30:31 Bow Saw
32:38 Husbandry
32:49 Bloodlines
38:40 Imperial Age
36:32 Elite Skirmisher
40:47 Chemistry
41:18 Ring Archer Armor
42:11 Bracer
42:16 Cranequins
42:36 Heavy Mounted Crossbowman
I AM NOOB
8:12 Feudal Age
8:42 Double-Bit Axe
10:32 Loom
11:15 Fletching
12:26 Town Watch
16:16 Horse Collar
19:55 Castle Age
18:51 Scale Barding Armor
19:36 Bloodlines
20:05 Horse Collar
21:19 Husbandry
24:50 Wheelbarrow
24:41 Bow Saw
26:43 Heavy Plow
28:02 Bodkin Arrow
30:26 Stone Mining
34:22 Imperial Age
32:36 Thumb Ring
33:31 Hand Cart
33:54 Ballistics
34:12 Padded Archer Armor
35:32 Conscription
35:22 Bracer
36:36 Chemistry
37:27 Leather Archer Armor
37:14 Elite Mangudai
39:03 Parthian Tactics
38:35 Gold Mining
40:47 Chain Barding Armor
39:55 Light Cavalry
40:52 Town Patrol
41:24 Scale Mail Armor
41:36 Forging
43:18 Iron Casting
42:12 Hussar
Connection lost

Rejoining the realm…

Still unreachable

The connection could not be restored.

Session expired

The server has moved on; the page needs a fresh start.